 Dungeon Crawl Stone Soup version 0.21.1-1-g345015f (webtiles) character file.

170342 xccam the Executioner (level 17, -10/121 HPs)
             Began as a Minotaur Berserker on Feb 10, 2018.
             Was a High Priest of Trog.
             Mangled by a very large slime creature (37 damage)
             ... on level 1 of the Pits of Slime.
             The game lasted 01:49:28 (26371 turns).

xccam the Executioner (Minotaur Berserker)         Turns: 26371, Time: 01:49:29

Health: -10/121    AC: 35    Str: 30    XL:     17   Next: 12%
Magic:  17/17      EV: 11    Int:  4    God:    Trog [*****.]
Gold:   2058       SH: 17    Dex: 15    Spells: 16/16 levels left

rFire    . . .     SeeInvis +   u - +8 broad axe of Imbalance {drain, Str+4 SInv}
rCold    . . .     Gourm    +   R - +1 shield {rN+}
rNeg     + . .     Faith    .   a - +10 plate armour of the Learner {Dex+4}
rPois    +         Spirit   .   U - +1 hat
rElec    .         Reflect  .   D - scarf {repulsion}
rCorr    +         Harm     .   W - +2 pair of gloves
MR       +++..                  I - +2 pair of boots {Stlth+}
Stlth    ..........             O - amulet of the gourmand
HPRegen  1.30/turn              P - ring of poison resistance
MPRegen  0.15/turn              w - ring of resist corrosion

@: regenerating, repel missiles
A: retaliatory headbutt, horns 2, dopey 1
}: 1/15 runes: gossamer
a: Berserk, Trog's Hand, Brothers in Arms, Burn Spellbooks, Renounce Religion


You were on level 1 of the Pits of Slime.
You worshipped Trog.
Trog was extremely pleased with you.
You were not hungry.

You visited 5 branches of the dungeon, and saw 28 of its levels.
You also visited: Labyrinth and Ice Cave.

You collected 3228 gold pieces.
You spent 1170 gold pieces at shops.

Inventory:

Hand Weapons
 t - a +2 broad axe of flaming
 u - the +8 broad axe of Imbalance (weapon) {drain, Str+4 SInv}
   (You found it on level 10 of the Dungeon)

   A truly terrible weapon, it drains the life of those it strikes.
   It affects your strength (+4).
   It lets you see invisible.
 E - a +4 battleaxe of flaming
 N - a +5 antimagic executioner's axe
 S - a +1 broad axe of electrocution
 V - the +5 war axe of the Shoals {holy, MR+}
   (You bought it in a shop on level 2 of the Orcish Mines)

   It has been blessed by the Shining One to cause great damage to the undead
   and demons.
   It affects your resistance to hostile enchantments.
Armour
 a - the +10 plate armour of the Learner (worn) {Dex+4}
   (You bought it in a shop on level 11 of the Dungeon)

   It affects your dexterity (+4).
 h - a +1 cloak of invisibility
 i - a +2 cloak
 C - the +3 chain mail "Fidoc" {Regen+ Int+4}
   (You found it on level 5 of the Lair of Beasts)

   It affects your intelligence (+4).
   It increases your rate of regeneration.
 D - a scarf of repulsion (worn)
 I - a +2 pair of boots of stealth (worn)
 R - a +1 shield of positive energy (worn)
 U - a +1 hat (worn)
 W - a +2 pair of gloves (worn)
Jewellery
 b - an uncursed amulet of guardian spirit
 p - an uncursed amulet of faith
 r - a +4 ring of intelligence
 w - a ring of resist corrosion (right hand)
 A - an uncursed ring of protection from cold
 H - a +6 ring of dexterity
 J - an uncursed ring of magical power
 O - an amulet of the gourmand (around neck)
 P - a ring of poison resistance (left hand)
Wands
 f - a wand of digging (53)
 j - a wand of enslavement (36)
 v - a wand of iceblast (22)
 x - a wand of polymorph (9)
 y - a wand of flame (96)
 G - a wand of acid (16)
 M - a wand of disintegration (12)
Scrolls
 d - 8 scrolls of identify
 g - 12 scrolls of remove curse
 l - 10 scrolls of teleportation
 n - 5 scrolls of enchant armour
 q - 5 scrolls of magic mapping
 z - 7 scrolls of fog
 K - a scroll of blinking
 L - a scroll of holy word
 Q - a scroll of silence
 T - a scroll of fear
Potions
 e - 9 potions of might
 k - 15 potions of curing
 m - 2 potions of heal wounds
 o - 5 potions of berserk rage
 s - 5 potions of haste
 B - 3 potions of ambrosia
 F - 2 potions of brilliance
Comestibles
 c - 32 rations


   Skills:
 - Level 3.6 Fighting
 * Level 23.4 Axes
 + Level 16.4 Armour
 - Level 5.2 Dodging
 + Level 2.8 Stealth
 * Level 18.5 Shields
 + Level 1.3 Unarmed Combat
 + Level 1.3 Evocations


You had 16 spell levels left.
You didn't know any spells.

Dungeon Overview and Level Annotations

Branches:
Dungeon (15/15)            Temple (0/1) D:4            Lair (6/6) D:8
 Shoals (0/4) Lair:4       Spider (4/4) Lair:4        Slime (1/5) Lair:6
    Orc (2/2) D:9             Elf (0/3) Orc:2        Vaults (0/5) D:14
 Depths (0/5) D:15

Altars:
Ashenzari
Dithmenos
Hepliaklqana
Makhleb
Nemelex Xobeh
Okawaru
Trog
Yredelemnul
Beogh
Jiyva

Shops:
D:7 *   D:11 [   Orc:2 *}((


Innate Abilities, Weirdness & Mutations

You reflexively headbutt those who attack you in melee.
You have a pair of horns on your head.
You are dopey. (Int -2)


Message History

You headbutt the azure jelly!
The azure jelly is severely wounded.
You hit the slime creature.
You slash the very large slime creature!
You hit the slime creature. The azure jelly hits you.
The azure jelly freezes you!!!
* * * LOW HITPOINT WARNING * * *
The azure jelly hits you but does no damage.
You block the azure jelly's attack. x2
A shining eye comes into view.
Unknown command.
You slice the azure jelly!! Your headbutt misses the azure jelly.
The azure jelly is almost dead.
You slice the slime creature!! You hit the very large slime creature.
You drain the very large slime creature!
You hit the slime creature.
You kill the slime creature!
Trog accepts your kill.
The very large slime creature hits you!!!
You die...

........G ##
##.........
##.##.#.......>
#..............
.#.............
J..............
#....J...J...#
#...@JJ#
##.J...##
##.....# ##
#....###.##
#...###...#
##...##....#
###.........##
##......##.###
#....<...###


You could see an azure jelly, a very large slime creature, 4 slime creatures and
a shining eye.

Vanquished Creatures
  Arachne (Spider:2)
  An acid blob (Slime:1)
  Kirke (D:12)
  Agnes (Spider:4)
  Donald (Orc:2)
  An azure jelly (Lair:6)
  3 ghost moths (Spider:4)
  9 emperor scorpions
  4 entropy weavers
  Azrael (D:15)
  A spark wasp (Spider:4)
  A minotaur (Lab)
  A yaktaur captain (D:15)
  4 vault guards (D:14)
  Harold (Lair:4)
  A catoblepas (D:14)
  5 centaur warriors
  6 hydras
  2 two-headed ogres
  A queen ant (Lair:2)
  An orc high priest (Orc:1)
  A tengu warrior (D:15)
  Sonja (Orc:2)
  A fire crab (Lair:5)
  An unseen horror (D:12)
  2 wizards
  3 deep elf magi (D:14)
  21 orb spiders
  21 wolf spiders
  8 ugly things
  3 orc sorcerers
  5 cyclopes
  A manticore (D:14)
  5 moths of wrath
  Maurice (Orc:1)
  3 merfolk sirens (Lair:4)
  6 black mambas
  9 spiny frogs
  6 yaktaurs (D:15)
  14 demonic crawlers
  A freezing wraith (D:15)
  4 rime drakes
  5 komodo dragons
  3 tengu conjurers
  3 trolls
  33 jumping spiders
  4 tyrant leeches (Spider:4)
  13 hornets
  5 polar bears (Lair:6)
  A merfolk (Lair:4)
  11 hippogriffs
  21 slime creatures
  6 dream sheep (Lair:6)
  13 blink frogs
  Prince Ribbit (Lair:1)
  48 redbacks
  A shadow (D:14)
  A centaur simulacrum (D:14)
  Sigmund (D:2)
  21 tarantellas
  26 yaks
  12 spriggans (Lair:6)
  2 wraiths
  5 wyverns
  6 fire elementals
  2 vampires
  6 basilisks
  5 hogs (D:12)
  A fire bat (Lair:5)
  A hungry ghost (D:14)
  4 wargs
  Edmund (D:4)
  14 soldier ants
  2 acid dragons
  13 water moccasins
  6 hell hounds
  5 porcupines
  A sky beast (D:5)
  18 orc warriors
  A phantom (D:12)
  8 black bears
  5 boggarts (Lair:6)
  10 ice beasts
  9 ogres
  5 eyes of draining
  31 wolves
  13 centaurs
  9 crocodiles
  2 big kobolds
  4 earth elementals (Spider:4)
  34 bullfrogs
  2 gnoll sergeants
  A wyvern skeleton (D:10)
  6 scorpions
  6 killer bees (D:9)
  7 wights
  2 howler monkeys
  An electric eel (Lair:1)
  7 crimson imps
  2 quasits
  7 centaur zombies
  6 jellies
  4 hounds
  13 orc priests
  Crazy Yiuf (D:2)
  30 orc wizards
  A bullfrog skeleton (D:11)
  5 centaur skeletons
  Jessica (D:2)
  Ijyb (D:5)
  3 iguanas
  39 worker ants
  A hound zombie (D:8)
  2 hound skeletons
  Robin (D:2)
  A howler monkey zombie (D:6)
  10 gnolls
  19 adders
  A shadow imp (D:12)
  An ooze (D:5)
  2 adder skeletons
  An adder zombie (D:8)
  9 worms
  2 dart slugs
  3 leopard geckos
  89 orcs
  10 giant cockroaches
  19 goblins
  6 hobgoblins
  19 jackals
  15 kobolds
  6 quokkas
  4 ball pythons
  6 bats
  A frilled lizard (D:2)
  A quokka zombie (D:9)
  6 rats
  A spectral orc (D:3)
  4 fungi
  3 plants (Lair:5)
1004 creatures vanquished.

Vanquished Creatures (collateral kills)
  Frances (Spider:2)
  An emperor scorpion (Lair:4)
  An entropy weaver (Spider:2)
  An orc high priest (Orc:2)
  An obsidian statue (D:10)
  2 orc sorcerers (Orc:2)
  3 jumping spiders
  A slime creature (Lair:6)
  2 redbacks (Spider:2)
  An orc warrior (Orc:2)
  5 orc priests (Orc:2)
  6 orc wizards (Orc:2)
  A worker ant (D:10)
26 creatures vanquished.

Vanquished Creatures (others)
  2 orb spiders
  A wolf spider (Spider:2)
  A tarantella (Spider:2)
  3 redbacks (Spider:1)
  11 fungi (Lair:6)
  3 plants
21 creatures vanquished.

Grand Total: 1051 creatures vanquished

Notes
Turn   | Place    | Note
-------+----------+-------------------------------------------
     0 | D:1      | xccam the Minotaur Berserker began the quest for the Orb.
     0 | D:1      | Reached XP level 1. HP: 19/19 MP: 0/0
    64 | D:1      | Reached skill level 4 in Axes
    68 | D:1      | Reached XP level 2. HP: 2/26 MP: 1/1
   600 | D:1      | Reached ** piety under Trog
   600 | D:1      | Reached XP level 3. HP: 18/31 MP: 2/2
   753 | D:2      | Noticed Robin
   768 | D:2      | Noticed Sigmund
   776 | D:2      | Killed Robin
   996 | D:2      | Killed Sigmund
   996 | D:2      | Reached skill level 6 in Axes
   996 | D:2      | Reached XP level 4. HP: 39/39 MP: 3/3
   996 | D:2      | Reached XP level 5. HP: 45/45 MP: 4/4
  1219 | D:2      | Noticed Jessica
  1223 | D:2      | Killed Jessica
  1426 | D:2      | Reached XP level 6. HP: 50/51 MP: 5/5
  1629 | D:2      | Found a runed door.
  1633 | D:2      | Noticed Crazy Yiuf
  1637 | D:2      | Killed Crazy Yiuf
  1901 | D:3      | Reached *** piety under Trog
  2219 | D:3      | Found a burning altar of Makhleb.
  2247 | D:3      | Reached skill level 7 in Axes
  2418 | D:3      | Found a basalt altar of Yredelemnul.
  2466 | D:4      | Found a staircase to the Ecumenical Temple.
  2519 | D:4      | Reached skill level 5 in Armour
  2651 | D:4      | Reached XP level 7. HP: 37/57 MP: 6/6
  2689 | D:4      | Noticed Edmund
  2699 | D:4      | Killed Edmund
  2699 | D:4      | Reached skill level 8 in Axes
  2928 | D:5      | Entered Level 5 of the Dungeon
  3007 | D:5      | Noticed Ijyb
  3026 | D:5      | Killed Ijyb
  3094 | D:5      | Found a hazy altar of Hepliaklqana.
  3102 | D:5      | Reached skill level 9 in Axes
  3102 | D:5      | Reached XP level 8. HP: 42/64 MP: 7/7
  3151 | D:5      | Found a bloodstained altar of Trog.
  3298 | D:5      | Found a sparkling altar of Nemelex Xobeh.
  3364 | D:5      | Reached **** piety under Trog
  3615 | D:6      | Reached skill level 1 in Stealth
  3627 | D:6      | Reached skill level 10 in Axes
  3640 | D:6      | Received a gift from Trog
  4037 | D:6      | Found an iron altar of Okawaru.
  4172 | D:6      | Found a shadowy altar of Dithmenos.
  4173 | D:6      | Found a shattered altar of Ashenzari.
  4304 | D:7      | Reached skill level 11 in Axes
  4304 | D:7      | Reached XP level 9. HP: 70/70 MP: 8/8
  4430 | D:7      | Found Rosoxe's General Store.
  4857 | D:8      | Reached skill level 12 in Axes
  4968 | D:8      | Found a staircase to the Lair.
  5120 | D:8      | Reached ***** piety under Trog
  5715 | D:9      | Reached skill level 13 in Axes
  5791 | D:9      | Reached skill level 10 in Armour
  5791 | D:9      | Reached XP level 10. HP: 25/77 MP: 9/9
  6014 | D:9      | Found a staircase to the Orcish Mines.
  6405 | D:9      | Found a roughly hewn altar of Beogh.
  6529 | D:9      | Reached skill level 14 in Axes
  6534 | D:9      | Reached skill level 5 in Dodging
  6709 | D:9      | Received a gift from Trog
  6785 | D:10     | Entered Level 10 of the Dungeon
  6946 | D:10     | Noticed an obsidian statue
  6964 | D:10     | Noticed a soul eater
  6967 | D:10     | Gained mutation: You are dopey. (Int -2) [a neqoxec]
  6991 | D:10     | Lost intelligence.
  7108 | D:10     | Noticed a smoke demon
  8412 | D:10     | Noticed an orange demon
  8419 | D:10     | Noticed a sun demon
  8419 | D:10     | Noticed a rust devil
  8419 | D:10     | Killed an obsidian statue
  8450 | D:10     | Got a pitted broad axe
  8451 | D:10     | Identified the +8 broad axe of Imbalance {drain, Str+4 SInv} (You found it on level 10 of the Dungeon)
  8536 | D:11     | Noticed a two-headed ogre
  8541 | D:11     | Killed a two-headed ogre
  8541 | D:11     | Reached skill level 15 in Axes
  8541 | D:11     | Reached XP level 11. HP: 56/82 MP: 10/10
  8666 | D:11     | Noticed a green ugly thing
  8677 | D:11     | Killed a green ugly thing
  9064 | D:11     | Found Nyssear's Antique Armour Shoppe.
  9135 | D:11     | Bought a slimy plate armour for 784 gold pieces
  9135 | D:11     | Identified the +10 plate armour of the Learner {Dex+4} (You bought it in a shop on level 11 of the Dungeon)
  9238 | D:11     | Reached skill level 16 in Axes
  9391 | Lair:1   | Entered Level 1 of the Lair of Beasts
  9469 | Lair:1   | Noticed Prince Ribbit
  9477 | Lair:1   | Killed Prince Ribbit
  9706 | Lair:1   | Reached skill level 17 in Axes
  9719 | Lair:1   | Reached XP level 12. HP: 63/90 MP: 9/11
  9753 | Lair:1   | Found the +8 whip "Snakebite" {curare, rPois}
 10583 | Lair:2   | Reached skill level 1 in Shields
 10654 | Lair:2   | Noticed a queen ant
 10669 | Lair:2   | Killed a queen ant
 10676 | Lair:2   | Reached skill level 18 in Axes
 11660 | Lair:3   | Received a gift from Trog
 12083 | Lair:4   | Found a hole to the Spider Nest.
 12160 | Lair:4   | Noticed a six-headed hydra
 12170 | Lair:4   | Killed a ten-headed hydra
 12410 | Lair:4   | Found a staircase to the Shoals.
 12414 | Lair:4   | Reached skill level 19 in Axes
 12417 | Lair:4   | Reached skill level 5 in Shields
 12448 | Lair:4   | Noticed Harold
 12465 | Lair:4   | Killed Harold
 13123 | Lair:5   | Reached XP level 13. HP: 83/95 MP: 10/12
 13130 | Lair:5   | Found a transporter.
 13162 | Lair:5   | Found a transporter.
 13304 | Lair:5   | Received a gift from Trog
 14207 | Lair:5   | Got a steaming chain mail
 14234 | Lair:5   | Identified the +3 chain mail "Fidoc" {Regen+ Int+4} (You found it on level 5 of the Lair of Beasts)
 14271 | Lair:6   | Entered Level 6 of the Lair of Beasts
 14290 | Lair:6   | Found a frozen archway.
 14310 | IceCv    | Entered an ice cave
 14323 | IceCv    | Found a transporter.
 14592 | Lair:6   | Found a viscous altar of Jiyva.
 14592 | Lair:6   | Found a staircase to the Slime Pits.
 14680 | Lair:6   | Identified a scroll of acquirement
 14736 | Lair:6   | Reached skill level 10 in Shields
 14793 | Lair:6   | Reached skill level 20 in Axes
 14796 | Lair:6   | Received a gift from Trog
 14993 | Lair:6   | Reached XP level 14. HP: 102/102 MP: 13/13
 15618 | D:12     | Noticed Kirke
 15640 | D:12     | Killed Kirke
 15803 | D:12     | Found a labyrinth entrance.
 15817 | Lab      | Entered a labyrinth
 16707 | D:12     | Reached skill level 1 in Unarmed Combat
 16708 | D:12     | Reached skill level 15 in Armour
 18010 | D:14     | Received a gift from Trog
 18019 | D:14     | Found a gate to the Vaults.
 18059 | D:14     | Reached skill level 21 in Axes
 18383 | D:15     | Entered Level 15 of the Dungeon
 18438 | D:15     | Noticed Azrael
 19050 | D:15     | Killed Azrael
 19272 | D:15     | Reached XP level 15. HP: 103/107 MP: 14/14
 19533 | D:15     | Found a staircase to the Depths.
 19898 | Orc:1    | Entered Level 1 of the Orcish Mines
 19903 | Orc:1    | Noticed Maurice
 19913 | Orc:1    | Killed Maurice
 20101 | Orc:2    | Entered Level 2 of the Orcish Mines
 20101 | Orc:2    | Found a staircase to the Elven Halls.
 20108 | Orc:2    | Reached ****** piety under Trog
 20113 | Orc:2    | Noticed Sonja
 20148 | Orc:2    | Killed Sonja
 20299 | Orc:2    | Noticed Donald
 20314 | Orc:2    | HP: 4/160 [Donald/broad axe of electrocution (16)]
 20318 | Orc:2    | Killed Donald
 20722 | Orc:2    | Found Hywat's Weapon Boutique.
 20722 | Orc:2    | Found Rel Ank's Assorted Antiques.
 20725 | Orc:2    | Received a gift from Trog
 20733 | Orc:2    | Found Zerigg's Gadget Shop.
 20757 | Orc:2    | Found Devewuuxi's Antique Weapon Boutique.
 20760 | Orc:2    | Bought a runed hat for 182 gold pieces
 20783 | Orc:2    | Bought an ichor-stained war axe for 204 gold pieces
 20783 | Orc:2    | Identified the +5 war axe of the Shoals {holy, MR+} (You bought it in a shop on level 2 of the Orcish Mines)
 21253 | Spider:1 | Entered Level 1 of the Spider Nest
 21275 | Spider:1 | Reached skill level 22 in Axes
 22469 | Spider:2 | Reached skill level 15 in Shields
 22537 | Spider:2 | Noticed Arachne
 22555 | Spider:2 | Killed Arachne
 22565 | Spider:2 | Received a gift from Trog
 22567 | Spider:2 | Noticed Frances
 22584 | Spider:2 | Killed Frances
 22584 | Spider:2 | Reached skill level 1 in Evocations
 22633 | Spider:2 | Reached XP level 16. HP: 59/115 MP: 15/15
 24312 | Spider:4 | Entered Level 4 of the Spider Nest
 24542 | Spider:4 | Received a gift from Trog
 24905 | Spider:4 | Noticed Agnes
 24916 | Spider:4 | Killed Agnes
 25222 | Spider:4 | Reached skill level 23 in Axes
 25839 | Spider:4 | Got a gossamer rune of Zot
 25922 | Spider:4 | Reached XP level 17. HP: 95/121 MP: 6/17
 26176 | Slime:1  | Entered Level 1 of the Pits of Slime
 26176 | Slime:1  | Noticed an acid blob
 26200 | Lair:6   | Received a gift from Trog
 26343 | Slime:1  | Killed an acid blob
 26371 | Slime:1  | Mangled by a very large slime creature

Skill      XL: |  1  2  3  4  5  6  7  8  9 10 11 12 13 14 15 16 |
---------------+-------------------------------------------------+-----
Axes           | 4 6 7 9 11 13 15 17 19 20 21 22 23 | 23.4
Armour         | 3 4 5 6 8 10 11 13 14 15 16 | 16.4
Dodging        | 3 4 5 |  5.2
Stealth        | 1 2 |  2.8
Shields        | 5 10 13 15 18 | 18.5
Unarmed Combat | 1 |  1.3
Evocations     | 1 |  1.3
Fighting       | |  3.6

Action                   |  1- 3 |  4- 6 |  7- 9 | 10-12 | 13-15 | 16-18 || total
-------------------------+-------+-------+-------+-------+-------+-------++-------
Melee: Hand axe          |    56 |    11 |       |       |       |       ||    67
       Headbutt          |    14 |    13 |    54 |   117 |   226 |   128 ||   552
       War axe           |       |    25 |       |       |       |       ||    25
       Broad axe         |       |   108 |   340 |   625 |   918 |   445 ||  2436
       Unarmed           |       |       |       |       |    10 |       ||    10
Invok: Berserk           |     2 |     1 |     5 |     6 |     8 |     3 ||    25
       Trog's Hand       |     1 |       |     5 |    10 |    16 |     6 ||    38
       Brothers in Arms  |       |       |       |     1 |     6 |     1 ||     8
       Burn Spellbooks   |       |       |       |     1 |     2 |     2 ||     5
Evoke: Wand              |       |       |       |     4 |     3 |     8 ||    15
  Use: Scroll            |     3 |     2 |     6 |    10 |    10 |     1 ||    32
       Potion            |     3 |     3 |     4 |     4 |     3 |       ||    17
 Stab: Distracted        |       |       |       |       |     1 |       ||     1
  Eat: Ration            |     1 |       |     2 |     5 |     4 |     2 ||    14
       Chunk             |       |     6 |    10 |    21 |    35 |     9 ||    81
Armor: Animal skin       |    18 |     4 |       |       |       |       ||    22
       Scale mail        |       |    60 |    44 |       |       |       ||   104
       Plate armour      |       |       |   141 |   355 |   581 |   296 ||  1373
       Skin              |       |       |     3 |       |       |       ||     3
Dodge: Dodged            |    41 |    94 |   197 |   256 |   322 |   175 ||  1085
       Deflected         |       |       |       |    10 |    15 |     2 ||    27
Block: Shield            |       |       |       |    80 |   625 |   447 ||  1152
